 Dungeon Crawl Stone Soup version 0.25.0-37-gb73750e0fb (webtiles) character file.

Game seed: 8483056557902162728

702 RaHiT the Ruffian (level 7, -2/56 (58) HPs)
             Began as a Demonspawn Chaos Knight on July 8, 2020.
             Was a Plaything of Xom.
             Slain by an orc warrior
             ... wielding a +0 glaive
              (20 damage)
             ... on level 6 of the Dungeon.
             The game lasted 00:16:10 (5316 turns).

RaHiT the Ruffian (Demonspawn Chaos Knight)         Turns: 5316, Time: 00:16:11

HP:   -2/56 (58)    AC:  7    Str: 14    XL:     7   Next: 39%
MP:   8/8           EV: 11    Int: 14    God:    Xom [.....*]
Gold: 107           SH:  4    Dex: 12    Spells: 8/8 levels left

rFire    . . .     SeeInvis .     - Unarmed
rCold    + . .     Gourm    .   (no shield)
rNeg     + + .     Faith    .   a - +2 leather armour
rPois    .         Spirit   .   p - +2 hat
rElec    .         Reflect  .   (no cloak)
rCorr    .         Harm     .   (no gloves)
MR       .....                  (no boots)
Stlth    +.........             d - amulet of magic regeneration
HPRegen  0.18/turn              z - ring of positive energy
MPRegen  0.36/turn              l - ring of positive energy

@: cleaving
A: talons 1, large bone plates 1, cold resistance 1, spiny 1
a: Renounce Religion


You were on level 6 of the Dungeon.
You worshipped Xom.
You were Xom's teddy bear.
You were not hungry.

You visited 1 branch of the dungeon, and saw 6 of its levels.

You collected 217 gold pieces.
You spent 110 gold pieces at shops.

Inventory:

Hand Weapons
 w - the +6 morningstar "Zuvurgh" {flame, rPois MR++ Dex-5 Stlth+}
   (You found it on level 5 of the Dungeon)

   It has been specially enchanted to burn those struck by it, causing extra
   injury to most foes and up to half again as much damage against particularly
   susceptible opponents.
   It affects your dexterity (-5).
   It protects you from poison.
   It affects your resistance to hostile enchantments.
   It makes you more stealthy.
Missiles
 j - 10 poisoned darts (quivered)
 m - 40 bolts
 o - 5 javelins
Armour
 a - a +2 leather armour (worn)
 p - a +2 hat (worn)
Jewellery
 d - an amulet of magic regeneration (around neck)
 l - a ring of positive energy (right hand)
 n - an uncursed ring of protection from cold
 r - an uncursed ring of poison resistance
 t - an uncursed ring of magical power
 y - an uncursed ring of protection from fire
 z - a ring of positive energy (left hand)
Wands
 k - a wand of acid (6)
Scrolls
 c - 2 scrolls of remove curse
 e - a scroll of blinking
 g - 2 scrolls of teleportation
 h - 3 scrolls of enchant weapon
 s - 2 scrolls of amnesia
 v - a scroll of silence {unknown}
Potions
 f - a potion of ambrosia {unknown}
 i - a potion of flight {unknown}
 q - a potion of stabbing {unknown}
 u - a potion of haste {unknown}
 x - a potion of heal wounds {unknown}
Comestibles
 b - 9 rations
 A - 4 chunks of flesh


   Skills:
 - Level 6.0 Fighting
 - Level 2.0 Armour
 + Level 1.6 Dodging
 - Level 6.0 Unarmed Combat
 - Level 1.0 Spellcasting


You had 8 spell levels left.
You didn't know any spells.
Your spell library was empty.

Dungeon Overview and Level Annotations

Branches:
Dungeon (6/15)             Temple (0/1) D:6

Altars:
Ashenzari
Fedhas
Gozag
Makhleb
Okawaru
Vehumet
Xom
The Shining One

Shops:
D:4 *


Innate Abilities, Weirdness & Mutations

You have sharp toenails.
You are partially covered in large bone plates. (SH +4)
Your flesh is cold resistant. (rC+)
You are partially covered in sharp spines.


Message History

Your kick misses the orc warrior.
The orc warrior is almost dead.
You block the orc warrior's attack.
You barely miss the orc warrior.
You claw the orc warrior, but do no damage.
The orc warrior is almost dead.
You hit the orc warrior.
The orc warrior is almost dead.
The orc warrior hits you with a +0 glaive!!
You closely miss the orc warrior.
The orc warrior is almost dead.
The orc warrior is struck by your spines.
The orc warrior barely misses you.
You barely miss the orc warrior.
You claw the orc warrior, but do no damage.
The orc warrior is almost dead.
You hit the orc warrior but do no damage.
The orc warrior is almost dead.
The orc warrior hits you with a +0 glaive!!
You die...

....##.....#.# #... #o#
.....g.....#g# #.## #o#
#.........##.# #.# #.# #
#...###.####n# #.# #.# . ...
#.# #.# #.# ##.# . #.#
#.#####.####..# # #<#
#.g.n.........#
####......##########.####.##
.....###...(.§§<@o§..# #.# #
##)############ #.# # #.#
#.# # #.# #.# .. #.# #.#
.... #.# .# ...... #.#.#.
......


You could see an orc warrior.

Vanquished Creatures
  A necrophage (D:6)
  An ogre (D:5)
  A centaur skeleton (D:4)
  Terence (D:3)
  5 orc wizards
  3 worker ants
  A statue (D:4)
  4 gnolls
  9 adders
  An adder skeleton (D:4)
  5 worms
  3 dart slugs
  4 leopard geckos
  14 orcs
  A giant cockroach (D:2)
  11 goblins
  7 hobgoblins
  3 jackals (D:1)
  8 kobolds
  2 quokkas (D:2)
  A ball python (D:3)
  8 bats
  A jackal skeleton (D:4)
  A quokka skeleton (D:4)
  A rat (D:2)
97 creatures vanquished.

Vanquished Creatures (others)
  An orc (D:5)
1 creature vanquished.

Grand Total: 98 creatures vanquished

Notes
Turn   | Place    | Note
-------+----------+-------------------------------------------
     0 | D:1      | RaHiT the Demonspawn Chaos Knight began the quest for the
                  | Orb.
     0 | D:1      | Reached XP level 1. HP: 18/18 MP: 1/1
    20 | D:1      | Reached skill level 1 in Dodging
    97 | D:1      | XOM: divination: magic mapping
   283 | D:1      | XOM: silly message
   300 | D:1      | Gained mutation: You have sharp toenails. [demonic
                  | ancestry]
   300 | D:1      | Reached XP level 2. HP: 5/24 MP: 2/2
   834 | D:2      | Reached XP level 3. HP: 28/29 MP: 3/3
   993 | D:2      | XOM: divination: detect items
  1183 | D:2      | XOM: divination: detect items
  1213 | D:2      | XOM: smoke on damage
  1416 | D:2      | XOM is BORED!
  1416 | D:2      | XOM: silly message
  1619 | D:2      | Found a burning altar of Makhleb.
  1794 | D:2      | Gained mutation: Your flesh is cold resistant. (rC+)
                  | [demonic ancestry]
  1794 | D:2      | Reached XP level 4. HP: 32/35 MP: 4/4
  1821 | D:3      | Found a faded altar of an unknown god.
  1879 | D:3      | XOM: god gift: 19 bolts
  1892 | D:3      | Found a glowing golden altar of the Shining One.
  1995 | D:3      | Noticed Terence
  2009 | D:3      | Killed Terence
  2119 | D:3      | Reached skill level 5 in Unarmed Combat
  2119 | D:3      | Gained mutation: You are partially covered in large bone
                  | plates. (SH +4) [demonic ancestry]
  2119 | D:3      | Reached XP level 5. HP: 11/41 MP: 5/5
  2282 | D:2      | XOM: divination: detect creatures
  2354 | D:2      | XOM: scenery: create altars
  2989 | D:3      | Found a blossoming altar of Fedhas.
  3117 | D:3      | Found an iron altar of Okawaru.
  3183 | D:4      | Found Kaprawoa's Assorted Antiques.
  3186 | D:4      | Bought a bronze ring for 110 gold pieces
  3190 | D:4      | XOM: divination: magic mapping
  3331 | D:4      | Found a radiant altar of Vehumet.
  3331 | D:4      | Noticed a frost-covered statue
  3346 | D:4      | Killed a frost-covered statue
  3377 | D:4      | Gained mutation: You are partially covered in sharp spines.
                  | [demonic ancestry]
  3377 | D:4      | Reached XP level 6. HP: 47/47 MP: 5/7
  3397 | D:4      | Reached skill level 1 in Spellcasting
  3802 | D:4      | Found a shattered altar of Ashenzari.
  4021 | D:5      | Entered Level 5 of the Dungeon
  4023 | D:5      | Found the +27 Lear's hauberk
  4190 | D:5      | Identified the +6 morningstar "Zuvurgh" {flame, rPois MR++
                  | Dex-5 Stlth+}
  4198 | D:5      | XOM: enchant monster (bad)
  4212 | D:5      | XOM: give mutations
  4212 | D:5      | Gained mutation: You are agile. (Dex +2) [Xom's mischief]
  4212 | D:5      | Lost mutation: You are agile. (Dex +2) [Xom's mischief]
  4216 | D:5      | Found an opulent altar of Gozag.
  4470 | D:5      | XOM: potion effect (might)
  4476 | D:5      | Reached skill level 5 in Fighting
  4502 | D:5      | Reached XP level 7. HP: 55/56 MP: 8/8
  4907 | D:6      | XOM: god gift: runed silver wand {god gift}
  4925 | D:6      | Found a staircase to the Ecumenical Temple.
  4925 | D:6      | XOM: 7-stop teleportation journey
  5243 | D:6      | XOM: polymorph orc -> kobold
  5302 | D:6      | XOM: cleaving
  5305 | D:6      | XOM: fog
  5316 | D:6      | Slain by an orc warrior

Illustrated notes

Levels and vault maps discovered:
D:1:      tarquinn_simple_flora_water_e, layout_basic
D:2:      layout_loops_ring, bloody_makhleb, first_ration
D:3:      layout_rooms, okawaru_altar_gauntlet_db, fedhas_altar_fruit_tree,
          nicolae_tso_carved_into_rock, chequers_ecumenical_altar_island,
          uniq_terence
D:4:      layout_loops_ring, vehumet_statue, kennysheep_mini, serial_shops,
          nicolae_shop_behind_doors
D:5:      layout_loops_ring, nicolae_overflow_hidden_temple, lemuel_round_altar,
          due_unseen_surprise
D:6:      layout_loops_ring, old_standard_altar, marbit_many_paths,
          minmay_temple_entry_fiery, hangedman_decor_lopped

Skill      XL: |  1  2  3  4  5  6  7 |
---------------+----------------------+-----
Dodging        | 1 |  1.6
Armour         | 2 |  2.0
Unarmed Combat | 3 4 5 6 |  6.0
Spellcasting   | 1 |  1.0
Fighting       | 5 6 |  6.0

Action                   |  1- 3 |  4- 6 |  7- 9 || total
-------------------------+-------+-------+-------++-------
Melee: Unarmed           |   157 |   163 |    56 ||   376
       Punch             |     2 |     2 |       ||     4
       Kick              |    22 |    38 |    15 ||    75
Throw: Dart              |     7 |    25 |     2 ||    34
Evoke: Wand              |       |       |     1 ||     1
  Use: Scroll            |     4 |     2 |       ||     6
       Potion            |     1 |     1 |       ||     2
  Eat: Chunk             |     3 |     8 |     2 ||    13
       Ration            |       |       |     1 ||     1
Armor: Leather armour    |    57 |    45 |     8 ||   110
Dodge: Dodged            |   108 |    78 |    15 ||   201
Block: Other             |       |    12 |     8 ||    20
